 Dungeon Sprint DCSS version 0.26-a0-1013-gf6ffb0d6bd (webtiles) character file.

Game seed: 11862276813144412314

6971 sahdkjhfkaj the Arsonist (level 10, -2/139 HPs)
             Began as a Yellow Draconian Fire Elementalist on Dec 7, 2020.
             Was the Champion of Vehumet.
             Slain by a green draconian
             ... wielding a +2 dire flail of protection
              (4 damage)
             ... in the Dungeon (Sprint V: "Ziggurat Sprint").
             The game lasted 00:04:45 (1653 turns).

sahdkjhfkaj the Arsonist (DrFE)                     Turns: 1653, Time: 00:04:45

Health: -2/139     AC: 11    Str: 14    XL:     10   Next: 81%
Magic:  3/22       EV: 17    Int: 31    God:    Vehumet [******]
Gold:   0          SH:  0    Dex: 11    Spells: 14/25 levels left

rFire    . . .     SeeInvis +   a - +7 Screaming Sword {vorpal, sonic wave}
rCold    . . .     Faith    .   (no shield)
rNeg     . . .     Spirit   .   (armour unavailable)
rPois    .         Reflect  .   (helmet restricted)
rElec    .         Harm     .   J - +2 cloak of the Thief {*Fog Slay-2 SInv Stlth+}
rCorr    +         Rampage  .   I - +0 pair of gloves {Str+3}
Will     .....     NoTele   +   (no boots)
Stlth    ..........             (no amulet)
HPRegen  0.33/turn              v - +6 ring of intelligence
MPRegen  0.18/turn              u - +6 ring of intelligence

@: berserking, very quick
A: spit acid, unfitting armour, cold-blooded, acid resistance, AC +7
a: Breathe Acid, Renounce Religion


You were in the Dungeon.
You worshipped Vehumet.
Vehumet was exalted by your worship.
You visited 1 branch

Inventory:

Hand Weapons
 a - the +7 Screaming Sword (weapon) {vorpal, sonic wave}
   (You found it in the Dungeon)

   It inflicts extra damage upon your enemies.
Armour
 I - a +0 pair of gloves of strength (worn)
 J - the +2 cloak of the Thief (worn) {*Fog Slay-2 SInv Stlth+}
   (You found it in the Dungeon)

   It affects your accuracy and damage with ranged weapons and melee attacks
   (-2).
   It lets you see invisible.
   It makes you more stealthy.
Magical Staves
 b - an uncursed staff of fire
Jewellery
 r - an uncursed ring of flight
 s - a +6 ring of dexterity
 t - a +6 ring of dexterity
 u - a +6 ring of intelligence (right hand)
 v - a +6 ring of intelligence (left hand)
 w - a +6 ring of strength
 x - a +6 ring of strength
Wands
 y - a wand of disintegration (7)
 z - a wand of iceblast (7)
 A - a wand of acid (7)
Scrolls
 g - 4 scrolls of blinking
 l - 4 scrolls of amnesia
 m - 7 scrolls of fog
 n - a scroll of holy word
 o - 5 scrolls of identify
 p - 5 scrolls of remove curse
 q - 2 scrolls of fear
 E - 4 scrolls of enchant weapon
 F - a scroll of brand weapon
Potions
 c - 9 potions of heal wounds
 d - 5 potions of haste
 e - 7 potions of magic
 f - a potion of berserk rage
 h - a potion of invisibility
 i - 3 potions of resistance
 j - a potion of experience
 k - 4 potions of might
 B - a potion of brilliance
 D - 10 potions of curing
Miscellaneous
 C - a lightning rod (4/4)
 G - a condenser vane
 H - a tin of tremorstones (2/2)


   Skills:
 - Level 10.0 Fighting
 - Level 10.0 Long Blades
 - Level 10.0 Dodging
 - Level 1.7 Stealth
 + Level 8.1 Spellcasting
 + Level 11.2 Conjurations
 + Level 11.2 Fire Magic
 - Level 10.0 Evocations


You had 14 spell levels left.
You knew the following spells:

 Your Spells              Type           Power        Failure   Level
a - Foxfire               Conj/Fire      ####         1%          1
f - Fireball              Conj/Fire      ######....   1%          5
x - Irradiate             Conj/Tmut      #####.....   3%          5

Your spell library contained the following spells:

 Spells                   Type           Power        Failure   Level
 Fulminant Prism          Conj/Hex       #####.....   1%          4
 Searing Ray              Conj           ######       1%          2
 Conjure Flame            Conj/Fire      ######..     1%          3
 Ignite Poison            Fire/Tmut/Pois #####...     1%          3
 Inner Flame              Hex/Fire       #####...     1%          3
 Stone Arrow              Conj/Erth      #####.       1%          3
 Sticky Flame             Conj/Fire      ######..     1%          4
 Lightning Bolt           Conj/Air       #####.....   3%          5
 Spider Form              Tmut/Pois      ##........   12%         3
 Ice Form                 Ice/Tmut       ##......     36%         4
 Summon Lightning Spire   Summ/Air       ##......     36%         4


Dungeon Overview and Level Annotations

Branches:
Dungeon (1/1)

Altars:
Ashenzari
Cheibriados
Dithmenos
Elyvilon
Fedhas
Gozag
Hepliaklqana
Kikubaaqudgha
Makhleb
Nemelex Xobeh
Okawaru
Qazlal
Ru
Sif Muna
Trog
Uskayaw
Vehumet
Wu Jian
Xom
Yredelemnul
Zin
The Shining One
Beogh
Jiyva
Lugonu


Innate Abilities, Weirdness & Mutations

You can spit globs of acid.
Your golden yellow scales are hard. (AC +7)
You cannot fit into any form of body armour.
You are cold-blooded and may be slowed by cold attacks.
You are resistant to acid. (rCorr)


Message History

The yellow draconian hits you from afar with a +0 glaive!
* * * LOW HITPOINT WARNING * * *
The black draconian completely misses you.
The yellow draconian misses you.
The purple draconian hits you with a cursed -1 flail!!
* * * LOW HITPOINT WARNING * * *
You are too injured to fight recklessly!
Unknown command.
You are too injured to fight recklessly!
Unknown command.
Unknown command.
Unknown command.
You are too injured to fight recklessly!
Unknown command.
You are too injured to fight recklessly!
Unknown command.
You slash the purple draconian!
The purple draconian is heavily wounded.
The green draconian misses you. The green draconian tail-slaps you.
You die...

▓...)=.)..▓
▓..}))))..▓...[)|...▓
▓.........▓.........▓
▓.........▓.........▓
▓.........▓.........▓
▓....d....▓.........▓
▓..dddd...▓.........▓
▓.▓.ddd.▓.▓....©....▓
▓...d@d...▓▓▓▓▓▓▓▓▓▓▓
▓▓▓▓▓▓▓▓▓▓▓


You could see 3 draconians, 4 draconians, 2 draconians and a purple draconian.

Vanquished Creatures
  2 ugly things (D)
  8 toenail golems (D)
  A black mamba (D)
  2 gargoyles (D)
  An ancient zyme (D)
  A jumping spider (shapeshifter) (D)
  A raiju (D)
  A slime creature (D)
  A ynoxinul (D)
  3 neqoxecs (D)
  A naga (D)
  A water moccasin (D)
  2 necrophages (D)
  A phantom (D)
  7 earth elementals (D)
  A wight (D)
  2 crimson imps (D)
  2 jellies (D)
  3 quasits (D)
  3 iron imps (D)
  2 adders (D)
  3 shadow imps (D)
  A white imp (D)
  3 ufetubi (D)
  A ball python (D)
54 creatures vanquished.

Vanquished Creatures (others)
  A foxfire (D)
1 creature vanquished.

Grand Total: 55 creatures vanquished

Notes
Turn   | Place    | Note
-------+----------+-------------------------------------------
     0 | D        | sahdkjhfkaj the Draconian Fire Elementalist began the quest
                  | for the Orb.
     0 | D        | Reached XP level 1. HP: 14/14 MP: 3/3
     0 | D        | Found a shimmering blue altar of Sif Muna.
     0 | D        | Found a sacrificial altar of Ru.
     0 | D        | Found a bloodstained altar of Trog.
     0 | D        | Found a stormy altar of Qazlal.
     0 | D        | Found an iron altar of Okawaru.
     0 | D        | Found a sparkling altar of Nemelex Xobeh.
     0 | D        | Found a blossoming altar of Fedhas.
     1 | D        | Found the +6 Majin-Bo {vamp, MP+6 Int+6}
     1 | D        | Found the +9 heavy crossbow "Sniper" {vorpal, Acc+∞ SInv}
     1 | D        | Found the +10 dark maul {vorpal}
     1 | D        | Found the +15 Maxwell's patent armour {-Cast -Tele rElec
                  | WL+ rCorr}
     1 | D        | Found the +18 shield of the Gong {rElec rN+ WL+ EV-5}
     1 | D        | Found the cursed +14 obsidian axe {vorpal, +Fly SInv
                  | *Curse}
     1 | D        | Found the +7 great mace "Firestarter" {inner flame, rF++}
     1 | D        | Found the +6 shillelagh "Devastator" {shatter}
     1 | D        | Found the +11 plutonium sword {*Contam Stlth-}
     1 | D        | Found the +8 lance "Wyrmbane" {slay drac, rPois rF+ rC+
                  | AC+3}
     1 | D        | Found the +9 sword of Zonguldrok {reap}
     1 | D        | Found the cursed +13 scythe of Curses {drain, *Curse}
     1 | D        | Found the +0 sword of Power
     1 | D        | Found the +7 mace of Variability {chain chaos}
     1 | D        | Found the +7 Singing Sword {vorpal, sonic wave}
     1 | D        | Found the +8 storm bow {elec, penet}
     2 | D        | Found a transporter.
     2 | D        | Found an ancient bone altar of Kikubaaqudgha.
     2 | D        | Found a viscous altar of Jiyva.
     2 | D        | Found a corrupted altar of Lugonu.
     2 | D        | Found a hazy altar of Hepliaklqana.
     2 | D        | Found a burning altar of Makhleb.
     2 | D        | Found an opulent altar of Gozag.
    63 | D        | Became a worshipper of Vehumet
    81 | D        | Entered arena 2.
    81 | D        | Noticed a quasit
    81 | D        | Found a transporter.
    83 | D        | Killed a quasit
    84 | D        | Reached XP level 2. HP: 20/20 MP: 4/6
    84 | D        | Reached XP level 3. HP: 26/26 MP: 4/7
    89 | D        | Entered arena 3.
    89 | D        | Noticed a slime creature
    89 | D        | Found a transporter.
    93 | D        | Reached * piety under Vehumet
    93 | D        | Offered knowledge of Shock by Vehumet.
    94 | D        | Reached skill level 5 in Conjurations
    94 | D        | Reached skill level 5 in Fire Magic
    94 | D        | Reached XP level 4. HP: 33/33 MP: 5/9
    97 | D        | Killed a slime creature
    98 | D        | Reached skill level 5 in Spellcasting
    98 | D        | Reached XP level 5. HP: 28/38 MP: 7/12
    98 | D        | Reached XP level 6. HP: 33/45 MP: 8/14
   101 | D        | Entered arena 4.
   101 | D        | Found a transporter.
   107 | D        | Reached ** piety under Vehumet
   111 | D        | Reached *** piety under Vehumet
   112 | D        | Reached skill level 10 in Conjurations
   112 | D        | Reached skill level 10 in Fire Magic
   112 | D        | Your scales start taking on a golden yellow colour.
   112 | D        | Reached XP level 7. HP: 16/50 MP: 13/16
   112 | D        | Gained mutation: You are resistant to acid. (rCorr) [Yellow
                  | Draconian growth]
   339 | D        | Learned a level 5 spell: Fireball
   339 | D        | Entered arena 5.
   339 | D        | Found a transporter.
   340 | D        | Identified the +4 fustibalus of Valiance {freeze, rPois
                  | Int+2}
   340 | D        | Offered knowledge of Freeze by Vehumet.
   346 | D        | HP: 2/51 [iron imp (8)]
   347 | D        | Reached skill level 1 in Fighting
   347 | D        | Reached skill level 1 in Evocations
   347 | D        | Reached **** piety under Vehumet
   521 | D        | Entered arena 6.
   521 | D        | Found a transporter.
   524 | D        | Offered knowledge of Ignite Poison by Vehumet.
   533 | D        | Reached ***** piety under Vehumet
   822 | D        | Entered arena 7.
   822 | D        | Noticed a green ugly thing
   822 | D        | Noticed a neqoxec
   822 | D        | Noticed a jumping spider
   822 | D        | Noticed a neqoxec
   822 | D        | Noticed a neqoxec
   822 | D        | Noticed a green ugly thing
   823 | D        | Killed a jumping spider
   823 | D        | Offered knowledge of Frozen Ramparts by Vehumet.
   824 | D        | Reached skill level 5 in Fighting
   825 | D        | Killed a neqoxec
   825 | D        | Killed a neqoxec
   826 | D        | Reached skill level 5 in Dodging
   826 | D        | Reached skill level 5 in Evocations
   826 | D        | Reached XP level 8. HP: 70/70 MP: 1/17
   828 | D        | Found a transporter.
   831 | D        | Killed a white ugly thing
   832 | D        | Killed a red ugly thing
   833 | D        | Reached XP level 9. HP: 81/82 MP: 9/18
   924 | D        | Entered arena 8.
   924 | D        | Noticed a black mamba
   925 | D        | Identified the +10 dagger "Zooroura" {pain, rC++ Int+6
                  | Dex+2}
   927 | D        | Reached ****** piety under Vehumet
   927 | D        | Killed a black mamba
   929 | D        | Found a transporter.
  1114 | D        | Entered arena 9.
  1114 | D        | Noticed an ancient zyme
  1115 | D        | Found the +5 robe of Misfortune {*Contam Harm *Corrode
                  | *Drain *Slow EV+5}
  1116 | D        | Offered knowledge of Irradiate by Vehumet.
  1117 | D        | Killed an ancient zyme
  1118 | D        | Reached skill level 10 in Fighting
  1263 | D        | Found a transporter.
  1277 | D        | Learned a level 5 spell: Irradiate
  1277 | D        | Entered arena 10.
  1277 | D        | Noticed a toenail golem
  1277 | D        | Noticed a gargoyle
  1277 | D        | Noticed a toenail golem
  1277 | D        | Noticed a toenail golem
  1277 | D        | Noticed a toenail golem
  1277 | D        | Noticed a gargoyle
  1280 | D        | Killed a gargoyle
  1280 | D        | Offered knowledge of Lightning Bolt by Vehumet.
  1281 | D        | Reached skill level 10 in Evocations
  1285 | D        | Killed a toenail golem
  1285 | D        | Killed a toenail golem
  1286 | D        | Reached skill level 10 in Dodging
  1286 | D        | Reached XP level 10. HP: 93/93 MP: 8/19
  1288 | D        | Killed a toenail golem
  1289 | D        | Killed a gargoyle
  1291 | D        | Killed a toenail golem
  1292 | D        | Reached skill level 10 in Long Blades
  1323 | D        | Found a transporter.
  1475 | D        | Entered arena 11.
  1475 | D        | Noticed a toenail golem
  1475 | D        | Noticed a toenail golem
  1475 | D        | Noticed a toenail golem
  1475 | D        | Noticed a toenail golem
  1476 | D        | Found the +2 cloak of the Thief {*Fog Slay-2 SInv Stlth+}
  1477 | D        | Found a transporter.
  1481 | D        | Killed a toenail golem
  1481 | D        | Offered knowledge of Fulminant Prism by Vehumet.
  1482 | D        | Killed a toenail golem
  1484 | D        | Killed a toenail golem
  1485 | D        | Killed a toenail golem
  1635 | D        | Got the Disquisition on Attacks
  1640 | D        | Got Sif Muna's Papyrus of Shifting Lightness
  1643 | D        | Entered arena 12.
  1643 | D        | Noticed a yellow draconian
  1643 | D        | Noticed a yellow draconian
  1643 | D        | Noticed a green draconian
  1643 | D        | Noticed a purple draconian
  1643 | D        | Noticed a green draconian
  1643 | D        | Noticed a black draconian
  1643 | D        | Noticed a yellow draconian
  1643 | D        | Noticed a black draconian
  1644 | D        | Found the +0 staff of Battle
  1644 | D        | Noticed a black draconian
  1644 | D        | Identified the amulet "Ocacroim" {RegenMP +Fly rC+ rN+}
  1644 | D        | Noticed a yellow draconian
  1652 | D        | HP: 2/139 [purple draconian/cursed -1 flail (19)]
  1653 | D        | Slain by a green draconian

Illustrated notes

Levels and vault maps discovered:
D:        sprint_v [room_start, room_1, room_2, room_3, room_4, room_5, room_6,
          room_7, room_8, room_9, room_10, room_11, room_12, room_13, room_14,
          room_15, room_16, room_17, room_18, room_19, room_20, room_21,
          room_22, room_23, room_24, room_25, room_26, room_27]

Skill      XL: |  1  2  3  4  5  6  7  8  9 10 |
---------------+-------------------------------+-----
Conjurations   | 4 5 8 10 11 | 11.2
Spellcasting   | 3 5 6 8 |  8.1
Fire Magic     | 4 5 8 10 11 | 11.2
Dodging        | 5 7 10 | 10.0
Fighting       | 6 8 10 | 10.0
Evocations     | 5 7 10 | 10.0
Long Blades    | 6 10 | 10.0
Stealth        | |  1.7

Action                   |  1- 3 |  4- 6 |  7- 9 | 10-12 || total
-------------------------+-------+-------+-------+-------++-------
Melee: Double sword      |     2 |    11 |    20 |    16 ||    49
       Tailslap          |       |       |     3 |     1 ||     4
       Staff             |       |       |     1 |       ||     1
 Cast: Foxfire           |       |     1 |       |       ||     1
       Fireball          |       |       |    21 |     4 ||    25
 Abil: Breathe Acid      |       |       |     1 |       ||     1
Evoke: Condenser vane    |       |       |     1 |       ||     1
  Use: Potion            |     5 |       |     2 |     1 ||     8
Armor: Skin              |       |     1 |    10 |     1 ||    12
Dodge: Dodged            |     1 |     9 |    22 |    18 ||    50
       Rpst.: Double sword |     1 |     5 |     8 |     2 ||    16

Table legend: (Time is in decaauts)
 A = Elapsed time spent in this place.
 B = Non-inter-level travel time spent in this place.
 C = Inter-level travel time spent in this place.
 D = Time resting spent in this place.
 E = Time spent auto-exploring this place.
 F = Levels seen in this place.
 G = Mean time per level.
                   A        B        C        D        E       F      G
               +--------+--------+--------+--------+--------+-----+--------+
         Total |   1648 |   1648 |      0 |   1346 |     21 |   1 | 1648.0 |
       Dungeon |   1648 |   1648 |      0 |   1346 |     21 |   1 | 1648.0 |
               +--------+--------+--------+--------+--------+-----+--------+

Top non-repeatable levels by time:
       D: 1648 daAuts
